puck, lawful female human Valkyrie ---------------- |.............<| |..............| #@..............| a-+-------------- ### # # # # # puck the Skirmisher Experience level: 4 Strength: 19 Dexterity: 11 Constitution: 18 Intelligence: 10 Wisdom: 9 Charisma: 11 Health: 0(34) Energy: 5(5) Def: 4 Gold: 406 Moves: 1194 Dungeon seed: mtjjx527eNCfVEYm Game ID: puck_1559348434 Your Inventory: Coins $ - 406 gold pieces Weapons a - an uncursed +1 long sword (weapon in hand) b - an uncursed +0 dagger (in quiver) Armor e - an uncursed +3 small shield (being worn) Comestibles c - an uncursed food ration Potions g - an uncursed potion of invisibility m - an uncursed potion of restore ability o - an uncursed potion of full healing Scrolls f - an uncursed scroll of food detection h - an uncursed scroll of teleportation i - an uncursed scroll of enchant armor k - an uncursed scroll of fire q - a blessed scroll of amnesia Spellbooks l - an uncursed spellbook of slow monster Rings n - a cursed ring of sustain ability Tools d - an uncursed oil lamp (0:1039) Spells and supernatural/magical abilities: Name Level Category Cost Memory W - pray for help -- divine ? -- Your skills at the end: Fighting Skills wands [Basic] Weapon Skills dagger [Basic] long sword [Basic] Spellcasting Skills Final Attributes: You were piously aligned. You were immune to cold. You were telepathic. You were stealthy. Tyr was noncommittal. You are dead. Vanquished creatures: a fog cloud a floating eye a werejackal an iguana a killer bee a gecko a jackal a kobold 4 sewer rats a grid bug a bat a kobold zombie a newt 16 creatures vanquished. Voluntary challenges: You were an atheist. You used a wielded weapon 19 times, starting on turn 280. You were illiterate. You never genocided any monsters. You never polymorphed an object. You never changed form. You used no wishes. You never split a pudding. You never wrote Elbereth's name. You never violated your personal moral code. Dungeon overview: The Dungeons of Doom: levels 1 to 8 Level 1 a vault a long staircase Level 2 a fountain, a vault Level 3 a fountain Level 4 Level 5 Level 6 Level 7 Level 8 <- You were here History has recorded: On T:1 you entered the Dungeons of Doom to retrieve the Amulet of Yendor! On T:275 you reached level 2 of The Dungeons of Doom. On T:387 you reached level 3 of The Dungeons of Doom. On T:433 you reached level 4 of The Dungeons of Doom. On T:516 you reached level 5 of The Dungeons of Doom. On T:541 you advanced to experience level 2. On T:828 you advanced to experience level 3. On T:843 you reached level 6 of The Dungeons of Doom. On T:889 you reached level 7 of The Dungeons of Doom. On T:1111 you advanced to experience level 4. On T:1145 you reached level 8 of The Dungeons of Doom. Score breakdown: Gold: 406 ( 8876 points) Experience: 4 levels ( 9649 points) Exploration: 8 levels ( 15.69%) (11224 points) Discoveries: 0 items ( 0.00%) ( 0 points) Valuables value: (no points given unless you survive) Artifact value: 0 ( 0 points) Variety of kills: 13 monsters ( 3.42%) ( 5548 points) Turncount: 1194 turns ( 0 points) Survival: died (score multiplied by 80%) Total score: 28237 Latest messages: You finish eating the food ration. [5 turns] q - a scroll labeled VERR YED HORRE. The door resists! The door opens. You stop exploring. The killer bee stings! (2x) You miss the killer bee. The killer bee stings! You miss the killer bee. The killer bee just misses! (2x) You miss the killer bee. The killer bee stings! You miss the killer bee. The killer bee stings! (2x) You miss the killer bee. The killer bee stings! You miss the killer bee. The killer bee stings! (2x) The killer bee's sting was poisoned! You kill the killer bee! The killer bee stings! The killer bee misses. The killer bee stings! The killer bee's sting was poisoned! You die... Final status: Farvel puck the Valkyrie, poisoned by a killer bee... You died in The Dungeons of Doom on dungeon level 8 with 28237 points, and 406 pieces of gold, after 1194 moves. You were level 4 with a maximum of 34 hit points when you died.